 Dungeon Crawl Stone Soup version 0.29-a0-555-g3b24f45cc1 (webtiles) character file.

Game seed: 6050880402078992584

44 Hubjo the Insei (level 3, -1/27 HPs)
             Began as a Demonspawn Transmuter on June 7, 2022.
             Slain by a goblin
             ... wielding a +0 dagger
             ... led by Robin
              (2 damage)
             ... on level 2 of the Dungeon.
             The game lasted 00:01:37 (1892 turns).

Hubjo the Insei (Demonspawn Transmuter)             Turns: 1892, Time: 00:01:37

Health: -1/27      AC:  2    Str: 10    XL:     3   Next: 41%
Magic:  5/6        EV: 12    Int: 14    God:
Gold:   12         SH:  0    Dex: 15    Spells: 5/6 levels left

rFire   . . .      SeeInvis .     - Unarmed
rCold   . . .      Faith    .   (no shield)
rNeg    . . .      Spirit   .   a - +0 robe
rPois   .          Reflect  .   (helmet currently unavailable)
rElec   .          Harm     .   (no cloak)
rCorr   .          Rampage  .   (no gloves)
Will    .....                   (boots currently unavailable)
Stlth   ++........              (no amulet)
HPRegen 0.09/turn               (no ring)
MPRegen 0.10/turn               (no ring)

@: appendages, on berserk cooldown, slowed, invisible, very slow
A: horns 2, talons 2, powered by pain 2
a: End Transformation


You were on level 2 of the Dungeon.
You had temporarily grown beastly horns and talons.
You visited 1 branch of the dungeon, and saw 2 of its levels.

You collected 12 gold pieces.

Inventory:

Armour
 a - a +0 robe (worn)
Scrolls
 e - 2 scrolls of identify {unknown}
 f - a scroll of enchant weapon {unknown}
 i - a scroll of enchant armour {unknown}
Potions
 b - 2 potions of lignification
 c - a potion of heal wounds {unknown}
 g - a potion of haste {unknown}
 j - a potion of curing {unknown}
 k - a potion of ambrosia {unknown}


   Skills:
 * Level 2.0 Fighting
 - Level 1.7 Dodging
 + Level 1.2 Stealth
 + Level 2.9 Unarmed Combat
 + Level 2.2 Spellcasting
 + Level 2.1 Transmutations


You had 5 spell levels left.
You knew the following spells:

 Your Spells              Type           Power      Damage    Failure   Level
a - Beastly Appendage     Tmut           14%        N/A       10%         1

Your spell library contained the following spells:

 Spells                   Type           Power      Damage    Failure   Level
 Wereblood                Tmut           7%         N/A       14%         2
 Apportation              Tloc           2%         N/A       24%         1
 Necrotize                Necr           4%         1d4       24%         1
 Summon Small Mammal      Summ           4%         N/A       24%         1
 Spider Form              Tmut/Pois      4%         N/A       41%         3
 Ignite Poison            Fire/Tmut/Pois 3%         N/A       45%         3
 Conjure Flame            Conj/Fire      1%         6-21      56%         3
 Ice Form                 Ice/Tmut       4%         N/A       83%         4
 Sticky Flame             Conj/Fire      1%         2d3       93%         4


Dungeon Overview and Level Annotations

Branches:
Dungeon (2/15)

Altars:

Annotations:
D:2 Robin


Innate Abilities, Weirdness & Mutations

You have temporarily grown beastly horns and talons.
You sometimes gain power by taking damage.


Message History

* * * LOW HITPOINT WARNING * * *
You closely miss the hobgoblin.
The hobgoblin is moderately wounded.
You are no longer berserk.
You are exhausted.
You feel yourself slow down. The hobgoblin closely misses you.
You barely miss the hobgoblin.
The hobgoblin is moderately wounded.
The hobgoblin no longer looks unusually strong.
The hobgoblin closely misses you.
You hit the hobgoblin.
You kill the hobgoblin!
You barely miss the goblin.
The goblin no longer looks unusually strong.
The goblin hits you with a +0 dagger.
* * * LOW HITPOINT WARNING * * *
The goblin misses you.
You completely miss the goblin. The goblin barely misses you.
Robin throws the goblin at you!
* * * LOW HITPOINT WARNING * * *
You are too injured to fight recklessly!
Casting: Beastly Appendage (safe; 10% risk of failure)
Confirm with . or Enter, or press ? or * to list all spells.
You grow a pair of large bovine horns.
Your feet morph into talons.
The hobgoblin no longer looks unusually strong. x3
The goblin no longer looks unusually strong.
The goblin hits you but does no damage. The goblin hits you with a +0 dagger.
* * * LOW HITPOINT WARNING * * *
The goblin hits you with a +0 dagger.
* * * LOW HITPOINT WARNING * * *
The goblin hits you but does no damage.
You hit the goblin. Your kick misses the goblin.
The goblin is severely wounded.
The goblin barely misses you. The goblin hits you with a +0 dagger.
* * * LOW HITPOINT WARNING * * *
It was a potion of invisibility.
You fade into invisibility!
The goblin misses you. The goblin barely misses you.
The goblin hits you with a +0 dagger.
You die...

##..##.# #...####
##.##.# ##.....#
##.##.# #...#..
#.....#####...).
#.......####....
#....##..<....##
#...[##...#.....
########Sg...#8.♣#...<†
#....g@ggg...#...######
##.#####gg..##8.8#
#.g..# ...# #g...# ♣.8#
#.#### ..g# #g.g.
...... .......


You could see Robin (can't see you), 3 hobgoblins, 4 goblins and a ball python
(can't see you).

Vanquished Creatures
  A dart slug (D:1)
  5 endoplasms (D:1)
  2 giant cockroaches
  5 goblins
  3 hobgoblins
  4 jackals (D:1)
  2 quokkas (D:1)
  6 ball pythons (D:1)
  4 frilled lizards
  3 kobolds (D:1)
  3 rats (D:1)
38 creatures vanquished.

Vanquished Creatures (others)
  A plant (D:2)
1 creature vanquished.

Grand Total: 39 creatures vanquished

Notes
Turn   | Place    | Note
-------+----------+-------------------------------------------
     0 | D:1      | Hubjo the Demonspawn Transmuter began the quest for the
                  | Orb.
     0 | D:1      | Reached XP level 1. HP: 15/15 MP: 3/3
   440 | D:1      | Gained mutation: You sometimes gain a little power by
                  | taking damage. [demonic ancestry]
   440 | D:1      | Reached XP level 2. HP: 13/21 MP: 5/5
   954 | D:1      | Reached skill level 1 in Stealth
  1091 | D:1      | Gained mutation: You sometimes gain power by taking damage.
                  | [demonic ancestry]
  1091 | D:1      | Reached XP level 3. HP: 25/27 MP: 4/6
  1865 | D:2      | Noticed Robin
  1891 | D:2      | HP: 1/27 [goblin/+0 dagger[Robin] (2)]
  1892 | D:2      | Slain by a goblin

Illustrated notes

Levels and vault maps discovered:
D:1:      evilmike_arrival_fibonacci_small, layout_basic
D:2:      layout_rooms, hellmonk_ecumenical_altar_leap_of_faith,
          chequers_avenue, chequers_big_river, uniq_robin, uniq_jessica

Skill      XL: |  1  2  3 |
---------------+----------+-----
Transmutations | 2 |  2.1
Stealth        | 1 |  1.2
Fighting       | 2 |  2.0
Dodging        | |  1.7
Unarmed Combat | |  2.9
Spellcasting   | |  2.2

Action                   || total
-------------------------++-------
Melee: Unarmed           ||   117
       Headbutt          ||    10
       Kick              ||    18
       Punch             ||     2
 Cast: Beastly Appendage ||    20
  Use: Potion            ||     2
Armor: Robe              ||    17
Dodge: Dodged            ||    77

Table legend: (Time is in decaauts)
 A = Elapsed time spent in this place.
 B = Non-inter-level travel time spent in this place.
 C = Inter-level travel time spent in this place.
 D = Time resting spent in this place.
 E = Time spent auto-exploring this place.
 F = Levels seen in this place.
 G = Mean time per level.
                   A        B        C        D        E       F      G
               +--------+--------+--------+--------+--------+-----+--------+
         Total |   1886 |   1843 |     43 |      0 |   1594 |   2 |  943.0 |
       Dungeon |   1886 |   1843 |     43 |      0 |   1594 |   2 |  943.0 |
               +--------+--------+--------+--------+--------+-----+--------+

Top non-repeatable levels by time:
     D:1: 1739 daAuts
     D:2: 146 daAuts
